 Dungeon Crawl Stone Soup version 0.19.0-19-g8c6edcc (webtiles) character file.

1215 Bekkur the Cutter (level 8, -4/62 HPs)
             Began as a Demonspawn Gladiator on Nov 12, 2016.
             Was a Follower of Uskayaw.
             Slain by an orc
             ... wielding a +0 trident
              (10 damage)
             ... on level 6 of the Dungeon.
             The game lasted 00:14:05 (4876 turns).

Bekkur the Cutter (Demonspawn Gladiator)            Turns: 4876, Time: 00:14:06

Health: -4/62      AC: 10    Str: 16    XL:     8   Next: 22%
Magic:  8/8        EV: 11    Int: 10    God:    Uskayaw [*.....]
Gold:   340        SH:  0    Dex: 17    Spells: 0 memorised, 7 levels left

rFire  . . .     SeeInvis .     a - +0 rapier
rCold  . . .     Gourm    .     G - +0 scale mail
rNeg   . . .     Faith    .     (no shield)
rPois  .         Spirit   .     (helmet restricted)
rElec  .         Reflect  .     (no cloak)
rCorr  .         Harm     +     (no gloves)
MR     .....                    (no boots)
Stlth  ..........               i - amulet of harm
                                (no ring)
                                o - +2 ring of dexterity

@: no status effects
A: horns 2, iridescent scales 2, powered by pain 1
a: Stomp, Renounce Religion


You were on level 6 of the Dungeon.
You worshipped Uskayaw.
Uskayaw was noncommittal.
You were hungry.

You visited 2 branches of the dungeon, and saw 7 of its levels.

You collected 340 gold pieces.

Inventory:

Hand Weapons
 a - a +0 rapier (weapon)
Missiles
 d - 3 throwing nets (quivered)
 k - 7 javelins
Armour
 b - a +0 leather armour
 c - a +0 helmet
 r - a +2 shield
 F - a +0 chain mail
 G - a +0 scale mail (worn)
Jewellery
 h - a +3 amulet of reflection
 i - an amulet of harm (around neck)
 o - a +2 ring of dexterity (left hand)
Wands
 g - a wand of teleportation (4/9)
 p - a wand of teleportation (6/9)
 D - a wand of confusion (34/48)
Scrolls
 e - 2 scrolls of recharging
 j - 6 scrolls of remove curse
 n - a scroll of blinking
 y - a scroll of magic mapping {unknown}
 B - a scroll of enchant weapon {unknown}
 C - a scroll of teleportation {unknown}
 H - a scroll of immolation {unknown}
Potions
 l - a potion of lignification
 s - a potion of invisibility {unknown}
 t - a potion of brilliance
 v - a potion of degeneration {unknown}
 w - a potion of haste {unknown}
 E - a potion of heal wounds {unknown}
Comestibles
 f - 7 bread rations
 m - 4 beef jerkies
 q - 2 meat rations
 u - a slice of pizza
 z - a chunk of flesh
 A - 3 fruits


   Skills:
 + Level 5.2 Fighting
 - Level 7.3 Short Blades
 - Level 1.7 Throwing
 - Level 3.0 Armour
 - Level 3.4 Dodging


You had 7 spell levels left.
You didn't know any spells.

Dungeon Overview and Level Annotations

Branches:
Dungeon (6/15)             Temple (1/1) D:5

Altars:
Ashenzari
Cheibriados
Dithmenos
Gozag
Hepliaklqana
Kikubaaqudgha
Nemelex Xobeh
Okawaru
Ru
Trog
Uskayaw
Zin
The Shining One

Shops:
D:6 :


Innate Abilities, Weirdness & Mutations

You have a pair of horns on your head.
You are mostly covered in iridescent scales. (AC +4)
You sometimes gain a little power by taking damage.


Message History

* * * LOW HITPOINT WARNING * * *
The orc closely misses you. The orc barely misses you.
You are too injured to fight recklessly!
The orc barely misses you. The orc hits you but does no damage.
You barely miss the orc. You headbutt the orc.
The orc is lightly wounded.
The orc hits you with a trident.
* * * LOW HITPOINT WARNING * * *
You feel better.
You are feeling hungry.
The orc completely misses you. The orc hits you but does no damage.
You hit the orc but do no damage.
The orc is lightly wounded.
The orc hits you but does no damage. The orc hits you with a trident.
* * * LOW HITPOINT WARNING * * *
You hit the orc.
The orc is heavily wounded.
The orc hits you with a trident!
You die...

. #.# #...#....... #( #..
#...........
####.####.####..##.......
.........................
....(.....#####.###......
...........# ##.##.......
...........###..##.......
.......o))......##.......
.......o@.......##.......
........).......##.......
................###......
................# ##.....
#######.........# #####
#.........# #.....>...#
#.......?.#


You could see 2 orcs.

Vanquished Creatures
  2 phantoms (D:4)
  An ogre (D:4)
  2 centaurs
  Blork the orc (D:5)
  2 bullfrogs
  2 scorpions
  2 crimson imps (D:5)
  2 centaur skeletons
  A hound (D:4)
  An iguana (D:5)
  2 orc wizards (D:6)
  2 worker ants
  A killer bee zombie (D:5)
  A howler monkey zombie (D:6)
  5 adders
  2 gnolls
  2 shadow imps
  2 oozes
  An adder zombie (D:5)
  2 dart slugs
  6 leopard geckos
  5 orcs
  A bat zombie (D:6)
  6 giant cockroaches
  10 hobgoblins
  8 jackals
  3 kobolds
  3 quokkas
  3 ball pythons
  8 bats
  3 frilled lizards
  9 goblins
  9 rats
  2 rat zombies (D:6)
112 creatures vanquished.

Vanquished Creatures (others)
  A crimson imp (D:6)
1 creature vanquished.

Grand Total: 113 creatures vanquished

Notes
Turn   | Place    | Note
-------+----------+-------------------------------------------
     0 | D:1      | Bekkur the Demonspawn Gladiator began the quest for the Orb.
     0 | D:1      | Reached XP level 1. HP: 16/16 MP: 1/1
   110 | D:1      | Reached skill level 3 in Short Blades
   496 | D:1      | Gained mutation: You have a pair of small horns on your head. [demonic ancestry]
   496 | D:1      | Reached XP level 2. HP: 20/22 MP: 2/2
   815 | D:1      | Gained mutation: You are partially covered in iridescent scales. (AC +2) [demonic ancestry]
   815 | D:1      | Reached XP level 3. HP: 27/27 MP: 3/3
   896 | D:1      | Reached skill level 4 in Short Blades
  1470 | D:2      | Reached XP level 4. HP: 32/33 MP: 4/4
  1821 | D:3      | Noticed a bullfrog
  1829 | D:3      | Killed a bullfrog
  1829 | D:3      | Reached skill level 5 in Short Blades
  1829 | D:3      | Gained mutation: You are mostly covered in iridescent scales. (AC +4) [demonic ancestry]
  1829 | D:3      | Reached XP level 5. HP: 34/38 MP: 5/5
  2038 | D:3      | Found a bloodstained altar of Trog.
  2134 | D:3      | Found a snail-covered altar of Cheibriados.
  2457 | D:3      | Reached skill level 6 in Short Blades
  2635 | D:4      | Noticed an ogre
  2641 | D:4      | Killed an ogre
  2641 | D:4      | Gained mutation: You have a pair of horns on your head. [demonic ancestry]
  2641 | D:4      | Reached XP level 6. HP: 19/44 MP: 6/6
  3116 | D:4      | Reached skill level 7 in Short Blades
  3268 | D:4      | Gained mutation: You sometimes gain a little power by taking damage. [demonic ancestry]
  3268 | D:4      | Reached XP level 7. HP: 41/50 MP: 7/7
  3371 | D:4      | Reached skill level 1 in Armour
  3411 | D:5      | Entered Level 5 of the Dungeon
  3446 | D:5      | Noticed Blork the orc
  3465 | D:5      | Killed Blork the orc
  3617 | D:5      | Found a staircase to the Ecumenical Temple.
  3628 | Temple   | Entered the Ecumenical Temple
  3685 | Temple   | Became a worshipper of Uskayaw the Reveler
  3715 | D:5      | Reached * piety under Uskayaw
  3716 | D:5      | Reached ** piety under Uskayaw
  3724 | D:5      | Reached *** piety under Uskayaw
  4543 | D:6      | Found an ancient bone altar of Kikubaaqudgha.
  4582 | D:6      | Reached XP level 8. HP: 42/60 MP: 8/8
  4704 | D:6      | Found Asumo's Book Shoppe.
  4815 | D:6      | Reached skill level 5 in Fighting
  4876 | D:6      | Slain by an orc

Skill      XL: |  1  2  3  4  5  6  7  8 |
---------------+-------------------------+-----
Short Blades   | 3 4 5 6 7 |  7.3
Dodging        | 3 |  3.4
Armour         | 3 |  3.0
Fighting       | 4 5 |  5.2
Throwing       | |  1.7

Action                   |  1- 3 |  4- 6 |  7- 9 || total
-------------------------+-------+-------+-------++-------
Melee: Rapier            |   124 |   112 |   166 ||   402
       Headbutt          |    15 |    27 |    35 ||    77
Invok: Stomp             |       |       |     1 ||     1
Evoke: Wand              |       |       |     2 ||     2
  Use: Scroll            |       |     9 |     1 ||    10
       Potion            |       |     1 |     4 ||     5
 Stab: Paralysed         |       |       |     2 ||     2
  Eat: Chunk             |     2 |     4 |     5 ||    11
       Pizza             |       |     1 |       ||     1
Armor: Leather armour    |    37 |    31 |    10 ||    78
       Chain mail        |       |       |    24 ||    24
       Scale mail        |       |       |    32 ||    32
       Skin              |       |       |    88 ||    88
Dodge: Dodged            |    55 |    76 |    94 ||   225
Block: Other             |    11 |     4 |       ||    15
